 Dungeon Crawl Stone Soup version 0.28.0-53-g5a82cb258f (webtiles) character file.

Game seed: 8120666824390745477

305 ILmort the Chopper (level 6, 0/55 HPs)
             Began as a Deep Dwarf Berserker on Aug 1, 2022.
             Was a Believer of Trog.
             Succumbed to a gnoll's poison
             ... on level 3 of the Dungeon.
             The game lasted 00:15:03 (2666 turns).

ILmort the Chopper (Deep Dwarf Berserker)           Turns: 2666, Time: 00:15:03

Health: 0/55       AC:  5    Str: 23    XL:     6   Next: 16%
Magic:  5/5        EV: 11    Int:  7    God:    Trog [**....]
Gold:   155        SH:  0    Dex: 12    Spells: 5/5 levels left

rFire   . . .      SeeInvis .   a - +0 hand axe
rCold   + . .      Faith    .   (no shield)
rNeg    . . .      Spirit   .   k - +0 ring mail
rPois   .          Reflect  .   (no helmet)
rElec   .          Harm     .   (no cloak)
rCorr   .          Rampage  .   (no gloves)
Will    .....                   (no boots)
Stlth   +.........              (no amulet)
HPRegen 0.00/turn               d - ring of protection from cold
MPRegen 0.09/turn               n - ring of flight

@: lethally poisoned (0 -> -4), flying
A: damage resistance, heal wounds, sense surroundings 1, no regeneration
a: Heal Wounds, Renounce Religion, Berserk, Trog's Hand


You were on level 3 of the Dungeon.
You worshipped Trog.
Trog was pleased with you.
You visited 1 branch of the dungeon, and saw 3 of its levels.

You collected 155 gold pieces.

Inventory:

Hand Weapons
 a - a +0 hand axe (weapon)
 l - a +0 hand axe
Armour
 b - a +0 animal skin
 h - a +0 leather armour
 k - a +0 ring mail (worn)
Magical Staves
 g - a staff of cold
Jewellery
 d - a ring of protection from cold (left hand)
 i - a ring of fire
 n - a ring of flight (right hand)
Scrolls
 c - 2 scrolls of identify
 e - a scroll of fear
 f - a scroll of teleportation
 m - a scroll of torment {unknown}
Potions
 j - a potion of curing {unknown}


   Skills:
 - Level 2.8 Fighting
 + Level 7.4 Axes
 - Level 2.4 Armour
 - Level 2.4 Dodging


You had 5 spell levels left.
You didn't know any spells.
Your spell library contained the following spells:

 Spells                   Type           Power      Damage    Failure   Level
 Sandblast                Erth           0%         2d4       58%         1
 Passwall                 Tmut/Erth      0%         N/A       73%         2
 Gell's Gravitas          Tloc           0%         N/A       91%         3
 Lesser Beckoning         Tloc           0%         N/A       91%         3
 Stone Arrow              Conj/Erth      0%         3d7       91%         3
 Teleport Other           Tloc           0%         N/A       91%         3


Dungeon Overview and Level Annotations

Branches:
Dungeon (3/15)

Altars:

Shops:
D:3 *


Innate Abilities, Weirdness & Mutations

You are resistant to damage.
You can heal yourself by infusing magical energy.
You passively map a small area around you.
You do not regenerate.


Message History

The gnoll closely misses you.
The gnoll hits you with a +0 halberd of venom!
You see here a +0 whip.
You closely miss the gnoll.
The gnoll hits you with a +0 halberd of venom.
You are more poisoned.
You hit the gnoll.
The gnoll is lightly wounded.
You feel sick.
The gnoll hits you with a +0 halberd of venom.
* * * LOW HITPOINT WARNING * * *
You are more poisoned.
You completely miss the gnoll.
The gnoll is lightly wounded.
* * * LOW HITPOINT WARNING * * *
You feel very sick. The gnoll closely misses you.
You feel much better.
You feel very sick. The gnoll closely misses you.
You closely miss the gnoll. The gnoll hits you but does no damage.
You hit the gnoll.
The gnoll is moderately wounded.
The gnoll hits you with a +0 halberd of venom!
You are more poisoned.
You feel much better.
You feel extremely sick.
The gnoll hits you with a +0 halberd of venom!
You are lethally poisoned!
You barely miss the gnoll.
The gnoll is moderately wounded.
* * * LOW HITPOINT WARNING * * *
You feel extremely sick. The gnoll barely misses you.
You fail to use your ability.
* * * LOW HITPOINT WARNING * * *
You feel extremely sick. The gnoll barely misses you.
You fail to use your ability.
You die...

#########* *
#)g...... ,*
#@#######
######.# #
##......########
#
...............#
* +,
..[..>.........#
* #
...............#
* #
#####..........#
# #...#
#..........#
#...#
#..........#


You could see a gnoll.

Vanquished Creatures
  Sigmund (D:2)
  A hound (D:3)
  A bullfrog skeleton (D:3)
  3 gnolls (D:3)
  An adder (D:3)
  2 dart slugs (D:3)
  An orc (D:3)
  4 ball pythons
  5 endoplasms
  2 giant cockroaches
  A goblin (D:3)
  7 hobgoblins
  7 jackals
  A kobold (D:3)
  A quokka (D:2)
  5 bats
  3 frilled lizards
  5 rats
51 creatures vanquished.

Notes
Turn   | Place    | Note
-------+----------+-------------------------------------------
     0 | D:1      | ILmort the Deep Dwarf Berserker began the quest for the
                  | Orb.
     0 | D:1      | Reached XP level 1. HP: 20/20 MP: 1/1
    78 | D:1      | Reached XP level 2. HP: 18/27 MP: 2/2
   555 | D:1      | Reached ** piety under Trog
   556 | D:1      | Reached skill level 4 in Axes
   901 | D:2      | Reached XP level 3. HP: 31/33 MP: 2/2
   925 | D:2      | Noticed Sigmund
   950 | D:2      | Killed Sigmund
   951 | D:2      | Reached skill level 6 in Axes
   951 | D:2      | Reached XP level 4. HP: 39/40 MP: 3/3
   951 | D:2      | Reached XP level 5. HP: 47/48 MP: 4/4
  2473 | D:3      | Found Veare's General Store.
  2526 | D:3      | Reached skill level 7 in Axes
  2608 | D:3      | Reached XP level 6. HP: 49/55 MP: 5/5
  2666 | D:3      | Succumbed to a gnoll's poison

Illustrated notes

Levels and vault maps discovered:
D:1:      nzn_arrival_crosshair, layout_loops_ring
D:2:      layout_basic, uniq_sigmund
D:3:      wander_river, layout_basic, serial_shops, nicolae_lakefront_shop

Skill      XL: |  1  2  3  4  5 |
---------------+----------------+-----
Axes           | 4 6 7 |  7.4
Fighting       | |  2.8
Armour         | |  2.4
Dodging        | |  2.4

Action                   |  1- 3 |  4- 6 || total
-------------------------+-------+-------++-------
Melee: Hand axe          |    96 |   107 ||   203
       Punch             |     1 |     1 ||     2
 Abil: Heal Wounds       |     2 |     3 ||     5
  Use: Scroll            |     2 |       ||     2
Armor: Animal skin       |     3 |       ||     3
       Leather armour    |    21 |    15 ||    36
       Ring mail         |       |    15 ||    15
Dodge: Dodged            |    82 |    78 ||   160
